Map: Seeds of Aiur

Players

Macker - Winner!

  • Race: Zerg Zerg
  • League: Platinum
  • Spawn Location: 1:00

ILIEKEGGPIE - Winner!

  • Race: Protoss Protoss
  • League: Platinum
  • Spawn Location: 1:00

Arena

  • Race: Zerg Zerg
  • Spawn Location: 7:00

signmaker

  • Race: Protoss Protoss
  • Spawn Location: 7:00

VOD

Have the link to the VOD?

Description

Time

  • Played on: May 26, 2018, 11:43 a.m.
  • Length: 14:54
Show
View Real Time Build Order
Export as new Build Order

Macker Zerg - Winner!

Build Orders: Pool First 

Get SALT Encoding   

  12  1:21  Drone x2  
  14  1:26  Extractor  
  14  1:29  Extractor  
  14  1:30  Drone  
  14  1:37  Spawning Pool  
  14  1:47  Drone, Extractor  
  14  1:48  Overlord  
  14  1:49  Hatchery  
  13  1:59  Drone  
  14  2:10  Drone  
  15  2:20  Drone  
  16  2:28  Drone  
  16  2:29  Queen  
  19  2:38  Drone  
  20  2:50  Overlord  
  20  2:52  Metabolic Boost  
  20  3:05  Overlord  
  20  3:07  Hatchery  
  19  3:12  Queen  
  19  3:14  Drone  
  23  3:27  Drone x3  
  23  3:29  Evolution Chamber  
  24  3:36  Zergling x2  
  24  3:37  Zergling x2  
  24  3:39  Drone  
  24  3:41  Drone  
  28  3:49  Drone x3  
  31  4:11  Overlord x2  
  31  4:16  Zerg Ground Armor Level 1  
  31  4:20  Drone x2  
  33  4:26  Lair  
  33  4:35  Roach Warren  
  32  4:44  Drone x4  
  36  4:48  Drone x3  
  36  4:49  Drone  
  36  4:51  Drone  
  41  4:54  Drone  
  41  4:58  Drone  
  41  4:59  Drone  
  44  5:01  Drone  
  44  5:05  Extractor  
  44  5:09  Extractor  
  44  5:13  Extractor  
  42  5:28  Zergling x16  
  48  5:29  Zergling x6  
  53  5:39  Drone  
  53  5:41  Drone x2  
  56  5:56  Queen  
  58  5:59  Overlord  
  58  6:00  Overlord x2  
  58  6:01  Overlord  
  58  6:03  Overlord x2  
  58  6:10  Zerg Missile Weapons Level 1  
  58  6:21  Infestation Pit  
  58  6:22  Drone x2, Hydralisk Den  
  58  6:36  Drone x5  
  63  6:44  Spire  
  62  6:57  Drone x3  
  65  7:06  Hive  
  65  7:15  Evolution Chamber  
  64  7:20  Extractor  
  64  7:22  Extractor  
  62  7:23  Drone x4  
  62  7:24  Drone  
  67  8:04  Zerg Ground Armor Level 2  
  67  8:06  Corruptor x7  
  81  8:18  Greater Spire  
  81  8:27  Hatchery  
  80  8:49  Overlord x7  
  80  9:12  Corruptor x5  
  80  9:13  Corruptor  
  92  9:30  Zerg Flyer Armor Level 1  
  92  9:34  Brood Lord x2  
  96  9:40  Brood Lord  
  98  9:47  Queen  
  98  9:50  Drone x2  
  102  10:06  Extractor  
  101  10:10  Corruptor x4  
  101  10:11  Corruptor  
  111  10:14  Extractor  
  111  10:19  Zerg Missile Weapons Level 2  
  110  10:24  Corruptor x3  
  116  10:30  Corruptor  
  118  10:41  Drone x3  
  121  11:14  Brood Lord  
  121  11:15  Brood Lord x4  
  131  12:02  Brood Lord x5  
  131  12:05  Corruptor x2  
  138  12:20  Zergling x14  
  138  12:21  Zergling x14  
  138  12:22  Zergling x14  
  159  12:23  Zergling x14  
  159  12:24  Zergling x2  
  167  13:06  Overseer  
  167  13:07  Overseer x2  
  167  13:08  Overlord x2  
  167  13:09  Overlord  
  167  13:11  Overlord  
  167  13:12  Overlord x2  
  158  13:36  Corruptor  
  158  13:37  Corruptor x7  
  155  13:58  Corruptor x4  
Show
View Real Time Build Order
Export as new Build Order

ILIEKEGGPIE Protoss - Winner!

Build Orders: Phoenix Opening 

Get SALT Encoding   

  12  0:01  Probe  
  13  0:13  Probe  
  14  0:19  Pylon  
  14  0:24  Probe  
  15  0:33  Probe  
  15  0:38  Gateway  
  15  0:41  Probe  
  17  0:54  Assimilator  
  17  0:55  Probe  
  18  1:07  Probe  
  18  1:08  Assimilator  
  19  1:19  Probe  
  20  1:28  Cybernetics Core  
  21  1:38  Probe  
  21  1:45  Nexus  
  21  1:50  Probe  
  22  1:57  Pylon  
  22  2:05  Warp Gate  
  22  2:15  Adept  
  24  2:29  Probe  
  25  2:33  Stargate  
  25  2:42  Probe  
  26  2:58  Probe  
  28  3:01  Probe  
  30  3:06  Stalker  
  30  3:09  Stargate  
  30  3:12  Phoenix  
  30  3:13  Probe  
  30  3:14  Probe  
  30  3:17  Pylon  
  34  3:25  Probe  
  34  3:26  Probe  
  36  3:33  Probe  
  36  3:38  Probe  
  36  3:39  Phoenix  
  40  3:44  Probe  
  40  3:50  Probe  
  40  3:51  Assimilator  
  40  3:52  Probe  
  42  3:57  Assimilator  
  42  4:02  Probe x2  
  44  4:08  Phoenix x2  
  49  4:14  Probe  
  50  4:23  Nexus  
  50  4:24  Probe  
  50  4:27  Probe  
  52  4:32  Pylon  
  52  4:35  Phoenix  
  54  4:46  Probe  
  54  4:48  Probe  
  54  4:50  Phoenix  
  54  4:52  Pylon  
  58  4:54  Probe  
  58  4:56  Probe  
  59  5:04  Phoenix  
  62  5:10  Probe, Pylon  
  62  5:14  Pylon  
  63  5:16  Shield Battery  
  63  5:19  Phoenix  
  65  5:25  Probe  
  65  5:26  Probe  
  67  5:33  Pylon  
  67  5:38  Probe x2  
  67  5:39  Probe  
  70  5:50  Probe x2  
  70  5:52  Phoenix x2  
  70  5:56  Stargate  
  76  6:05  Assimilator  
  76  6:09  Assimilator  
  76  6:33  Phoenix x2  
  76  6:38  Phoenix  
  82  6:51  Fleet Beacon  
  82  6:52  Phoenix  
  82  6:58  Phoenix  
  82  6:59  Probe x3  
  82  7:01  Pylon  
  89  7:02  Pylon  
  89  7:09  Probe  
  89  7:11  Probe x2  
  92  7:17  Probe  
  92  7:19  Probe  
  93  7:23  Probe  
  93  7:24  Forge  
  93  7:26  Forge  
  93  7:29  Twilight Council  
  95  7:31  Gateway  
  95  7:32  Gateway  
  95  7:35  Probe  
  96  7:39  Pylon  
  96  7:41  Pylon  
  96  7:59  Phoenix x2  
  96  8:04  Phoenix  
  102  8:11  Protoss Ground Armor Level 1, Protoss Ground Weapons Level 1  
  102  8:18  Anion Pulse-Crystals  
  102  8:19  Phoenix x2  
  106  8:29  Phoenix  
  108  8:59  Gateway  
  108  9:02  Gateway  
  108  9:05  Gateway  
  108  9:14  Gateway  
  108  9:15  Gateway  
  108  9:22  Pylon  
  108  9:25  Pylon  
  108  9:27  Pylon  
  108  9:30  Gateway  
  108  9:33  Gateway  
  108  9:34  Carrier x2  
  108  9:35  Carrier  
  108  9:36  Gateway  
  126  9:40  Stalker x2  
  126  9:41  Gateway  
  126  9:43  Pylon  
  126  9:44  Gateway  
  126  9:45  Pylon  
  130  9:47  Probe  
  130  9:49  Gateway  
  130  9:50  Probe x2  
  130  9:51  Gateway  
  133  9:55  Probe  
  134  10:02  Probe x2  
  134  10:06  Nexus  
  136  10:08  Pylon  
  136  10:11  Pylon  
  134  10:47  Carrier x2  
  132  10:57  Void Ray  
  146  11:12  Stargate  
  144  11:28  Stalker  
  144  11:29  Stalker x5  
  144  11:30  Stalker x5, Void Ray  
  166  11:46  Assimilator  
  170  11:48  Assimilator  
  170  11:50  Nexus  
  170  11:51  Pylon  
  170  11:53  Pylon  
  170  11:55  Graviton Catapult  
  170  12:18  Mothership  
  170  12:19  Assimilator  
  170  12:22  Assimilator  
  178  12:30  Protoss Ground Armor Level 2, Protoss Ground Weapons Level 2  
  174  13:15  Oracle x3  
  174  13:18  Oracle  
  184  13:38  Pylon  
  184  13:39  Pylon  
  182  13:49  Cybernetics Core  
  180  13:56  Pylon  
  179  14:49  Gateway  
  179  14:50  Gateway  
  179  14:51  Gateway  
Show
View Real Time Build Order
Export as new Build Order

Arena Zerg 

Build Orders: Hatch First 

Get SALT Encoding   

  12  0:01  Drone  
  13  0:08  Drone  
  14  0:18  Overlord  
  14  0:36  Drone x3  
  17  0:56  Drone  
  18  0:59  Hatchery  
  17  1:13  Spawning Pool  
  17  1:14  Drone  
  17  1:22  Overlord  
  17  1:31  Extractor  
  17  1:32  Drone x2  
  18  1:41  Drone  
  19  1:54  Drone  
  19  1:59  Queen  
  22  2:08  Extractor  
  21  2:09  Drone  
  21  2:14  Drone  
  21  2:15  Queen  
  23  2:17  Drone  
  26  2:35  Drone  
  26  2:36  Drone  
  28  2:39  Drone  
  28  2:40  Drone  
  30  2:49  Drone  
  31  2:56  Spore Crawler, Drone  
  31  2:57  Drone  
  32  2:59  Lair  
  32  3:07  Drone x2  
  34  3:16  Drone  
  35  3:23  Spore Crawler  
  35  3:25  Drone x2  
  35  3:26  Spore Crawler  
  35  3:30  Drone  
  35  3:34  Overlord x3  
  36  3:47  Spine Crawler  
  35  3:52  Hatchery  
  34  4:00  Spore Crawler  
  33  4:05  Overseer  
  33  4:06  Overseer  
  33  4:08  Drone x4  
  37  4:11  Drone  
  37  4:13  Drone  
  39  4:27  Drone x2  
  41  4:34  Drone  
  42  4:40  Drone  
  43  4:49  Extractor  
  43  4:50  Drone  
  43  4:55  Drone  
  43  4:59  Drone x3  
  47  5:05  Hatchery  
  46  5:11  Extractor  
  46  5:12  Drone  
  46  5:18  Drone  
  47  5:24  Drone x2  
  47  5:25  Overlord x3  
  49  5:30  Drone  
  50  5:39  Spire  
  50  5:41  Spire  
  48  5:45  Drone  
  49  5:52  Drone  
  50  6:00  Overlord x3  
  50  6:10  Spore Crawler  
  49  6:12  Spore Crawler  
  49  6:15  Drone x2  
  50  6:19  Spore Crawler  
  50  6:22  Spore Crawler x2  
  40  6:26  Spore Crawler  
  35  6:36  Spore Crawler x2  
  32  6:40  Drone x3  
  35  6:48  Queen  
  35  6:49  Drone x3  
  40  6:57  Drone  
  41  7:06  Drone  
  42  7:11  Extractor  
  42  7:12  Mutalisk x5  
  42  7:13  Mutalisk x6  
  63  7:16  Extractor  
  63  7:19  Drone  
  63  7:22  Drone  
  64  7:25  Drone x2  
  64  7:26  Drone  
  67  7:36  Drone  
  68  7:38  Drone  
  63  8:05  Mutalisk x4  
  63  8:06  Mutalisk x5  
  81  8:14  Drone x3  
  81  8:18  Drone x3  
  87  8:21  Zerg Flyer Weapons Level 1  
  87  8:27  Drone  
  88  8:38  Mutalisk x3  
  94  8:46  Zerg Flyer Armor Level 1  
  94  8:48  Drone x2  
  96  8:50  Drone  
  97  8:58  Mutalisk x2  
  101  9:13  Drone x2  
  103  9:25  Overlord x3  
  103  9:30  Overlord x2  
  103  9:40  Drone  
  104  10:06  Drone x3  
  107  10:08  Mutalisk x4  
  107  10:09  Mutalisk x2  
  63  11:06  Hydralisk Den  
  60  11:13  Drone  
  61  11:25  Queen  
  63  11:36  Hydralisk x6  
  63  11:37  Hydralisk x3  
  81  11:42  Drone x2  
  81  11:44  Hatchery  
  82  11:59  Hydralisk x3  
  88  12:12  Evolution Chamber  
  88  12:13  Evolution Chamber  
  86  12:18  Hydralisk x6  
  86  12:21  Hydralisk  
  100  12:29  Grooved Spines  
  100  12:34  Hydralisk x5  
  100  12:35  Hydralisk x3  
  116  12:44  Zerg Missile Weapons Level 1  
  116  12:45  Zerg Ground Armor Level 1  
  110  13:07  Drone x3  
  87  13:29  Hydralisk x2  
  87  13:30  Hydralisk x7  
  93  13:46  Hydralisk x3  
  64  14:11  Hydralisk  
  64  14:12  Hydralisk x7  
Show
View Real Time Build Order
Export as new Build Order

signmaker Protoss 

Build Orders: Cannon Rush 

Get SALT Encoding   

  1  0:00  Probe  
  13  0:07  Probe  
  14  0:25  Pylon  
  14  0:44  Forge  
  14  1:09  Pylon  
  14  1:23  Probe, Pylon  
  14  1:31  Photon Cannon  
  14  1:32  Photon Cannon  
  15  1:34  Photon Cannon  
  15  1:46  Photon Cannon  
  15  1:55  Pylon  
  15  2:04  Photon Cannon  
  15  2:16  Photon Cannon  
  15  2:21  Pylon  
  15  2:27  Pylon  
  15  2:56  Nexus  
  15  3:00  Probe  
  16  3:08  Probe  
  17  3:16  Assimilator  
  17  3:28  Gateway  
  17  3:34  Probe  
  18  3:46  Probe  
  19  3:54  Assimilator  
  19  3:58  Probe  
  20  4:03  Pylon  
  20  4:10  Probe  
  20  4:15  Cybernetics Core  
  21  4:18  Probe  
  21  4:20  Probe  
  23  4:26  Probe  
  24  4:32  Probe  
  24  4:37  Probe  
  25  4:44  Probe  
  27  4:54  Stargate  
  27  4:56  Probe  
  28  5:00  Photon Cannon  
  28  5:09  Probe  
  29  5:21  Probe  
  30  5:31  Robotics Facility  
  30  5:33  Probe  
  31  5:38  Photon Cannon  
  31  5:43  Pylon  
  31  5:44  Probe  
  32  5:52  Photon Cannon  
  32  6:00  Photon Cannon  
  32  6:03  Photon Cannon  
  32  6:17  Stargate  
  32  6:18  Probe  
  32  6:19  Pylon  
  33  6:27  Probe  
  33  6:31  Phoenix  
  34  6:36  Probe  
  37  6:46  Stargate  
  37  6:48  Probe  
  37  6:53  Phoenix  
  38  7:01  Probe  
  41  7:06  Nexus  
  41  7:14  Fleet Beacon  
  41  7:17  Probe  
  41  7:18  Pylon  
  42  7:25  Probe  
  42  7:26  Assimilator  
  42  7:28  Assimilator  
  43  7:33  Assimilator  
  38  7:57  Shield Battery, Probe  
  37  8:03  Photon Cannon  
  37  8:05  Photon Cannon  
  37  8:08  Carrier  
  37  8:09  Probe  
  44  8:18  Photon Cannon  
  44  8:27  Carrier  
  50  8:47  Probe  
  50  8:55  Probe  
  51  8:58  Mothership  
  52  9:04  Pylon  
  52  9:05  Probe  
  52  9:08  Pylon  
  61  9:10  Probe  
  62  9:17  Probe  
  62  9:22  Probe  
  64  9:32  Carrier  
  64  9:38  Probe  
  70  9:40  Pylon  
  70  9:42  Pylon  
  71  9:46  Probe  
  71  9:47  Photon Cannon  
  71  9:48  Photon Cannon  
  72  9:56  Probe  
  72  9:59  Void Ray  
  77  10:03  Photon Cannon  
  77  10:06  Probe, Photon Cannon  
  78  10:14  Probe  
  79  10:32  Photon Cannon  
  73  10:40  Void Ray  
  73  10:42  Void Ray, Probe  
  76  10:50  Probe  
  76  10:53  Photon Cannon  
  77  10:58  Void Ray  
  77  11:00  Probe  
  82  11:04  Probe  
  82  11:08  Shield Battery  
  82  11:09  Shield Battery  
  83  11:12  Probe  
  84  11:20  Probe  
  84  11:21  Probe  
  84  11:22  Void Ray  
  84  11:25  Void Ray  
  94  11:29  Probe  
  94  11:32  Probe  
  94  11:34  Pylon  
  96  11:44  Observer  
  96  11:45  Probe  
  98  11:48  Pylon  
  98  11:54  Photon Cannon  
  98  11:56  Graviton Catapult  
  98  11:57  Probe, Pylon  
  99  12:01  Void Ray  
  99  12:05  Observer  
  104  12:09  Probe  
  105  12:15  Protoss Air Weapons Level 1  
  105  12:20  Shield Battery  
  105  12:21  Probe  
  105  12:22  Pylon  
  106  12:28  Void Ray  
  110  12:31  Void Ray  
  110  12:33  Probe  
  115  12:42  Photon Cannon  
  115  12:43  Assimilator  
  115  12:45  Probe  
  116  12:57  Probe  
  117  13:09  Probe  
  114  13:29  Void Ray x3  
Tags
 
Add a new tag
Caveats
  • Supply blocks, unpowered buildings, or Contaminate may cause inaccurate times.
  • Supply counts are checked every 10 seconds.